 Seeded DCSS version 0.31-b1-18-g61460d1e46 (webtiles) character file.

Game seed: 1 (custom seed)

207 Kazon the Chopper (level 5, -1/54 HPs)
             Began as an Oni Gladiator on Jan 16, 2024.
             Was a Believer of Nemelex Xobeh.
             Slain by Grinder (3 damage)
             ... on level 3 of the Dungeon.
             The game lasted 00:09:59 (1848 turns).

Kazon the Chopper (Oni Gladiator)                   Turns: 1848, Time: 00:10:01

Health: -1/54      AC:  3    Str: 20    XL:     5   Next: 85%
Magic:  6/6        EV: 10    Int:  9    God:    Nemelex Xobeh [**....]
Gold:   128        SH:  0    Dex: 10    Spells: 4/4 levels left

rFire   + + .        h - +4 hand axe
rCold   + . .        (no shield)
rNeg    . . .        i - +0 robe {rF+}
rPois   +            c - melded +1 hat
rElec   +            (cloak currently unavailable)
rCorr   +            (gloves unavailable)
SInv    .            (boots unavailable)
Will    +....        (no amulet)
Stlth   +            f - ring of willpower
HPRegen 0.29/turn    (no ring)
MPRegen 0.10/turn

%: no passive effects
@: beast-form, resistant, attractive, invisible
A: beast (slay +0), large, unfitting armour, horns 1, tough skin 1, double
potion healing, drunken brawling
a: Begin Untransformation, Renounce Religion, Draw Escape, Draw Destruction,
Draw Summoning


You were on level 3 of the Dungeon.
You worshipped Nemelex Xobeh.
Nemelex Xobeh was pleased with you.
You were a hulking beast.
You visited 1 branch of the dungeon, and saw 3 of its levels.

You collected 128 gold pieces.

Inventory:

Hand Weapons
 a - a +1 war axe
 h - a +4 hand axe (weapon)
Missiles
 d - 3 throwing nets
 e - a large rock
 j - 14 stones (quivered)
Armour
 b - a +0 robe
 c - a +1 hat (melded)
 i - a +0 robe of fire resistance (worn)
Jewellery
 f - a ring of willpower (left hand)
 t - a ring of fire
Talismans
 q - a beast talisman (active)
Scrolls
 g - 2 scrolls of enchant weapon
 k - a scroll of revelation
 l - 4 scrolls of teleportation
 r - a scroll of poison {unknown}
 s - a scroll of fear
Potions
 p - a potion of cancellation {unknown}


   Skills:
 + Level 3.9 Fighting
 + Level 4.7 Axes
 + Level 2.3 Throwing
 + Level 3.3 Dodging
 + Level 0.7 Stealth
 * Level 2.0 Invocations


You had 4 spell levels left.
You didn't know any spells.
Your spell library contained the following spells:

 Spells                   Type           Power      Damage    Failure   Level
 Gell's Gravitas          Tloc           0%         N/A       77%         3
 Hailstorm                Conj/Ice       0%         3d5       77%         3
 Summon Ice Beast         Ice/Summ       0%         N/A       77%         3
 Teleport Other           Tloc           0%         N/A       77%         3
 Dispersal                Tloc           0%         N/A       100%        6
 Sculpt Simulacrum        Ice/Alch       0%         N/A       100%        6


Dungeon Overview and Level Annotations

Branches:
Dungeon (3/15)

Altars:
Nemelex Xobeh

Annotations:
D:3 Grinder


Innate Abilities, Weirdness & Mutations

You are a hulking beast.
Your limbs bulge with bestial killing power. (Slay +0)
You are too large for most types of armour.
You have a pair of small horns on your head.
You have tough skin. (AC +1)
You gain doubled healing and magic from potions.
Whenever you drink a healing potion, you attack all around you.


Message History

The liquid fire burns you!
Your Invocations skill increases to level 2!
You shake off some of the fire as you move.
The liquid fire burns you!
You shake off the liquid fire.
Grinder comes into view.
Grinder shouts!
Grinder gestures at you. You resist with some effort. Grinder hits you!
You writhe in agony.
You hit Grinder.
Grinder is lightly wounded.
Grinder gestures at you.
You suddenly lose the ability to move!
Grinder hits you!
You writhe in agony.
Grinder hits you.
You can move again.
You barely miss Grinder.
Grinder is lightly wounded.
Grinder hits you!
Unknown command.
It was a potion of resistance.
You feel protected.
Grinder blinks!
It was a potion of attraction.
You feel attractive to monsters. Grinder hits you!
* * * LOW HITPOINT WARNING * * *
You writhe in agony.
* * * LOW HITPOINT WARNING * * *
It was a potion of invisibility.
You fade into invisibility!
Grinder barely misses you.
You completely miss Grinder.
Grinder is lightly wounded.
Grinder hits you!
* * * LOW HITPOINT WARNING * * *
You writhe in agony.
You die...
Grinder sighs, "Dead already?
I want a refund."
Your body glows slightly and disappears.

#.#.#. ########.#.#.
.........#.#.
#######..#.#. ###
########.#.## #..
.............
#.#############.##
#.##..............
#h##.##########.##
######5##...#........##
#......####.#.#####..#
#.###### #.#.# #..# #.#
#.#.# #..# #.# #.#.#
##.)## #.#
#.#.####...!. #.#
#.#.......... #.#
#.#####......


You could see Grinder (unable to see you).

Vanquished Creatures
  A bombardier beetle (D:3)
  Jessica (D:2)
  Robin (D:3)
  6 adders
  A dart slug (D:1)
  9 orcs (D:3)
  2 endoplasms
  2 giant cockroaches (D:1)
  14 goblins
  8 hobgoblins
  3 jackals (D:2)
  A kobold (D:1)
  A quokka (D:2)
  3 ball pythons
  7 bats
  2 frilled lizards
  9 rats
71 creatures vanquished.

Notes
Turn   | Place    | Note
-------+----------+-------------------------------------------
     0 | D:1      | Kazon the Oni Gladiator began the quest for the Orb.
     0 | D:1      | Reached XP level 1. HP: 22/22 MP: 1/1
   156 | D:1      | Reached XP level 2. HP: 26/29 MP: 2/2
   634 | D:2      | Found a faded altar of an unknown god.
   640 | D:2      | Prayed at the altar of an unknown god.
   640 | D:2      | Became a worshipper of Nemelex Xobeh the Trickster
   640 | D:2      | Reached * piety under Nemelex Xobeh
   640 | D:2      | Received a gift from Nemelex Xobeh
   648 | D:2      | Reached XP level 3. HP: 32/37 MP: 3/3
   898 | D:2      | Reached skill level 1 in Invocations
   915 | D:2      | Reached XP level 4. HP: 40/45 MP: 4/4
  1118 | D:2      | Noticed Jessica
  1126 | D:2      | Killed Jessica
  1127 | D:2      | Reached skill level 4 in Axes
  1397 | D:3      | Noticed Robin
  1403 | D:3      | Reached XP level 5. HP: 48/53 MP: 6/6
  1414 | D:3      | Killed Robin
  1491 | D:3      | Reached ** piety under Nemelex Xobeh
  1839 | D:3      | Noticed Grinder
  1842 | D:3      | Paralysed by Grinder for 2 turns
  1848 | D:3      | HP: 2/54 [Grinder (10)]
  1848 | D:3      | Slain by Grinder

Illustrated notes

Levels and vault maps discovered:
D:1:      zelgadis_glass_arrival_small, layout_loops_cross
D:2:      layout_loops_ring, ebering_ecumenical_altar_box, uniq_jessica
D:3:      layout_basic, uniq_robin, uniq_grinder

Skill      XL: |  1  2  3  4  5 |
---------------+----------------+-----
Dodging        | 3 |  3.3
Fighting       | 3 |  3.9
Invocations    | 1 2 |  2.0
Axes           | 4 |  4.7
Throwing       | |  2.3
Stealth        | |  0.7

Action                     |  1- 3 |  4- 6 || total
---------------------------+-------+-------++-------
  Melee: War axe           |    27 |       ||    27
         Hand axe          |    44 |    78 ||   122
         Headbutt          |     5 |     7 ||    12
         Punch             |       |     1 ||     1
  Throw: Stone             |     9 |     4 ||    13
    Use: Scroll            |     7 |     3 ||    10
         Potion            |       |     3 ||     3
   Stab: Sleeping          |     1 |       ||     1
 Armour: Robe              |    31 |    49 ||    80
  Dodge: Dodged            |    39 |    29 ||    68
   Form: Beast             |       |     1 ||     1
